Map: Kairos Junction LE

Players

MCanning - Winner!

  • Race: Protoss Protoss
  • Spawn Location: 11:00

Epic

  • Race: Terran Terran
  • League: Grandmaster
  • Spawn Location: 5:00

Event: 2019 WCS Winter Americas

VOD

Have the link to the VOD?

Description

Time

  • Played on: Feb. 16, 2019, 12:59 p.m.
  • Length: 13:12

All games in this series

Show
View Real Time Build Order
Export as new Build Order

MCanning Protoss - Winner!

Build Orders: 1 Gate Expand, Colossus Rush 

Get SALT Encoding   

  12  0:00  Probe  
  13  0:12  Probe  
  14  0:18  Pylon  
  14  0:24  Probe  
  15  0:33  Probe  
  15  0:37  Gateway  
  15  0:41  Probe  
  16  0:47  Assimilator  
  17  0:51  Probe  
  18  1:03  Probe  
  19  1:15  Probe  
  20  1:23  Nexus  
  20  1:33  Cybernetics Core  
  20  1:36  Probe  
  21  1:43  Assimilator  
  21  1:49  Probe  
  21  1:51  Pylon  
  22  1:59  Adept  
  22  2:01  Probe  
  23  2:10  Warp Gate  
  23  2:13  Probe  
  26  2:20  Stalker  
  26  2:25  Probe  
  29  2:36  Robotics Facility  
  29  2:37  Probe  
  29  2:39  Probe  
  31  2:49  Probe  
  32  2:51  Probe  
  33  3:01  Probe  
  33  3:03  Probe  
  34  3:13  Probe  
  34  3:15  Probe  
  34  3:18  Observer  
  36  3:21  Gateway  
  36  3:23  Gateway  
  36  3:25  Probe  
  36  3:26  Probe  
  38  3:28  Robotics Bay  
  38  3:33  Pylon  
  39  3:34  Probe  
  39  3:37  Probe  
  39  3:39  Observer  
  39  3:40  Pylon  
  42  3:42  Probe  
  42  3:48  Probe  
  43  3:54  Probe  
  43  3:55  Assimilator  
  45  3:56  Probe  
  45  3:58  Assimilator  
  45  4:01  Sentry  
  48  4:04  Probe  
  48  4:06  Probe  
  50  4:10  Pylon  
  50  4:18  Colossus  
  50  4:19  Probe  
  51  4:28  Probe  
  58  4:32  Extended Thermal Lance  
  58  4:38  Probe  
  59  4:42  Probe  
  60  4:46  Forge  
  60  4:47  Nexus  
  60  4:49  Pylon  
  60  5:02  Gateway x2  
  60  5:04  Sentry  
  60  5:06  Pylon  
  62  5:07  Colossus, Pylon  
  62  5:09  Probe  
  63  5:19  Protoss Ground Weapons Level 1, Probe  
  70  5:32  Probe  
  70  5:35  Observer, Twilight Council, Probe  
  71  5:43  Adept x2  
  71  5:44  Probe  
  71  5:47  Probe  
  71  5:49  Blink  
  77  5:50  Gateway  
  77  5:51  Disruptor  
  77  5:56  Probe  
  78  5:59  Stalker x2, Probe  
  86  6:05  Probe  
  86  6:08  Probe  
  86  6:11  Stalker, Probe  
  90  6:16  Shield Battery  
  90  6:17  Probe  
  92  6:23  Probe  
  92  6:25  Probe  
  94  6:27  Stalker x2  
  94  6:30  Disruptor  
  94  6:32  Probe  
  102  6:38  Probe  
  102  6:39  Assimilator  
  103  6:41  Assimilator  
  103  6:44  Pylon  
  103  6:49  Adept x3  
  103  6:51  Dark Shrine  
  109  6:55  Pylon  
  107  7:07  Adept x3  
  113  7:12  Stalker x2  
  113  7:14  Zealot  
  119  7:17  Pylon x2  
  119  7:25  Protoss Ground Armor Level 1  
  111  7:30  Adept x3  
  113  7:37  Forge  
  113  7:39  Disruptor  
  113  7:40  Probe  
  113  7:41  Resonating Glaives  
  113  7:46  Probe  
  113  7:47  Adept x3  
  120  7:54  Probe  
  117  8:02  Stalker x3  
  117  8:04  Probe  
  117  8:05  Photon Cannon  
  120  8:08  Photon Cannon  
  120  8:09  Stalker x2  
  120  8:10  Stalker  
  120  8:25  Adept x2  
  120  8:28  Probe, Protoss Ground Weapons Level 2  
  119  8:35  Probe  
  119  8:36  Probe  
  119  8:37  Dark Templar x2  
  119  8:39  Stalker x2  
  128  8:47  Probe  
  129  8:55  Stalker x2  
  133  9:03  Nexus  
  133  9:04  Pylon  
  131  9:11  Stalker  
  131  9:15  Disruptor  
  130  9:20  Adept x2  
  130  9:23  Adept x3  
  126  9:30  Protoss Ground Armor Level 2, Probe  
  108  9:39  Stalker  
  108  9:40  Stalker  
  108  9:43  Probe  
  108  9:44  Probe  
  108  9:45  Stalker x4  
  114  9:47  Disruptor  
  114  9:51  Robotics Facility  
  117  9:59  Pylon  
  117  10:06  Photon Cannon  
  117  10:07  Adept x2, Shield Battery  
  117  10:11  Disruptor  
  119  10:15  Stalker x2  
  119  10:16  Stalker x2  
  119  10:20  Probe  
  128  10:26  Photon Cannon  
  131  10:28  Assimilator  
  131  10:29  Sentry  
  131  10:30  Adept  
  131  10:32  Assimilator  
  135  10:39  Stalker  
  135  10:40  Stalker x2  
  141  10:44  Adept  
  143  10:51  Dark Templar  
  143  10:56  Probe  
  140  11:01  Stalker  
  140  11:02  Probe, Disruptor  
  146  11:05  Gateway  
  146  11:09  Probe  
  146  11:10  Probe  
  146  11:13  Probe  
  146  11:14  Probe  
  146  11:18  Stalker x4  
  152  11:21  Probe  
  155  11:26  Observer  
  155  11:30  Stalker x2  
  155  11:34  Disruptor  
  151  11:42  Stalker x4  
  159  11:50  Disruptor  
  162  12:02  Nexus  
  162  12:05  Dark Templar  
  164  12:13  Stargate, Pylon x2  
  158  12:27  Stalker x3  
  158  12:28  Stalker  
  164  12:42  Adept x3  
  145  13:05  Stalker x5  
  145  13:06  Stalker x2  
Show
View Real Time Build Order
Export as new Build Order

Epic Terran 

Build Orders: Gas First Reaper Expand 

Get SALT Encoding   

  12  0:00  SCV  
  13  0:12  SCV  
  14  0:17  Supply Depot  
  14  0:25  SCV  
  14  0:28  Refinery  
  15  0:38  SCV  
  16  0:44  Barracks  
  16  0:50  SCV  
  17  1:02  SCV  
  18  1:14  SCV  
  19  1:31  Reaper  
  21  1:32  Orbital Command  
  20  1:43  Command Center  
  20  1:54  Factory  
  20  1:58  SCV  
  21  2:04  Barracks Reactor  
  21  2:10  SCV, Supply Depot  
  22  2:15  Refinery  
  22  2:22  SCV  
  23  2:34  SCV  
  24  2:40  Hellion  
  24  2:41  Starport, Marine x2  
  28  2:49  SCV  
  29  2:57  Orbital Command  
  29  2:59  Marine  
  29  3:00  Marine  
  29  3:01  SCV  
  29  3:02  Factory Tech Lab  
  31  3:13  SCV  
  32  3:22  Marine x2  
  32  3:24  SCV  
  32  3:25  SCV  
  36  3:27  Raven  
  38  3:36  SCV  
  38  3:37  SCV  
  40  3:46  Command Center  
  40  3:47  Factory Tech Lab  
  40  3:50  SCV x2  
  40  3:54  Supply Depot  
  42  4:02  SCV x2  
  44  4:08  Supply Depot  
  44  4:15  Stimpack  
  44  4:16  Siege Tank  
  47  4:17  Barracks  
  47  4:19  SCV x2  
  47  4:24  Barracks  
  49  4:28  Starport Reactor  
  49  4:31  SCV x2  
  49  4:33  Supply Depot  
  49  4:34  Marine  
  52  4:40  Refinery  
  52  4:42  Engineering Bay  
  52  4:44  SCV x2  
  54  4:48  Siege Tank  
  57  4:56  SCV x2, Bunker  
  59  5:00  Orbital Command  
  59  5:07  Barracks  
  59  5:09  Terran Infantry Weapons Level 1  
  59  5:12  SCV  
  59  5:13  SCV  
  59  5:15  Barracks  
  59  5:24  Marauder, Marine x2  
  59  5:28  SCV x3, Starport Reactor  
  66  5:33  Marauder, Combat Shield  
  68  5:41  Widow Mine x2  
  68  5:42  Refinery  
  72  5:43  Marine  
  72  5:44  Marine, Supply Depot  
  74  5:51  Marauder, Supply Depot  
  74  5:55  Marauder, Barracks Tech Lab  
  78  5:59  Supply Depot  
  78  6:02  Widow Mine x2  
  82  6:04  Barracks Reactor  
  82  6:09  Medivac, Marine x2  
  86  6:13  Supply Depot  
  86  6:14  Supply Depot  
  86  6:15  Medivac  
  88  6:19  Orbital Command  
  88  6:20  Marauder  
  88  6:23  Marauder x2  
  94  6:27  Marine x2  
  94  6:28  Widow Mine  
  94  6:29  Widow Mine  
  100  6:38  Supply Depot  
  100  6:40  Concussive Shells  
  100  6:48  Marine x3  
  100  6:49  Marauder x3, Marine  
  100  6:53  Supply Depot  
  110  6:55  Widow Mine x2  
  110  6:58  Medivac  
  115  7:04  Medivac  
  115  7:08  Marine x2  
  115  7:09  Marine x2  
  115  7:14  Marauder x2  
  115  7:15  Marauder  
  125  7:18  Widow Mine x2  
  111  7:31  Terran Infantry Armor Level 1, Liberator  
  111  7:36  Marauder x3  
  115  7:43  Marine x2  
  115  7:44  Marine  
  118  7:50  Widow Mine x2  
  125  7:52  SCV x3  
  122  7:59  Marauder x3  
  122  8:00  Marine  
  122  8:01  Marine x2  
  127  8:11  Marine  
  128  8:16  Liberator  
  128  8:17  Marine  
  124  8:20  Marauder x3  
  124  8:25  Liberator  
  121  8:28  Marine x2  
  121  8:29  Widow Mine x2, Marine  
  125  8:34  SCV  
  125  8:35  SCV x2  
  125  8:37  Refinery  
  120  8:41  Marauder x2  
  120  8:44  Marine x2  
  129  8:50  Marine x2  
  129  8:54  Widow Mine  
  129  8:55  Widow Mine  
  135  9:02  Marauder  
  136  9:05  Marauder x2, Marine  
  130  9:19  Marine x3  
  130  9:24  Marauder  
  111  9:26  Medivac x2  
  111  9:27  Marauder x2  
  102  9:36  Marine  
  102  9:37  Marine x2  
  88  9:45  Marauder  
  78  9:47  SCV x3  
  78  9:48  Marauder x2  
  78  9:52  Widow Mine x2  
  85  9:56  Medivac x2  
  89  10:00  SCV  
  89  10:01  SCV x2  
  89  10:02  Missile Turret  
  89  10:03  Missile Turret  
  89  10:06  Marauder  
  91  10:17  Marauder, Marine x3  
  91  10:18  Marauder, Marine  
  91  10:20  SCV  
  91  10:21  SCV  
  101  10:22  SCV  
  101  10:28  Marauder  
  104  10:30  Medivac  
  104  10:33  SCV x2  
  108  10:35  Medivac  
  110  10:44  Missile Turret  
  107  10:52  Liberator x2  
  90  11:09  Marauder x2, Marine x3  
  90  11:10  Marauder  
  104  11:15  SCV x2  
  104  11:16  SCV  
  107  11:20  Starport  
  107  11:25  Marine  
  105  11:31  Marauder x3  
  109  11:37  Liberator  
  109  11:39  Liberator  
  99  11:40  SCV x3  
  99  11:46  Marine x4  
  98  11:50  Liberator  
  98  11:52  SCV x3  
  101  11:54  Liberator  
  107  12:04  SCV x2  
  107  12:05  SCV  
  103  12:27  Marauder x3, Marine x4  
  108  12:35  Armory, Engineering Bay  
  95  12:52  Marine x5  
Tags
 
Add a new tag
Caveats
  • Supply blocks, unpowered buildings, or Contaminate may cause inaccurate times.
  • Supply counts are checked every 10 seconds.